AoeStats
← wolololigma

MegaRandom

506796888Analyzed
3v3 RM · 16d ago on Sep 15, 2026· 27m 31s· 6 players
Game mode
Random Map
Map size
Normal (6 player)
Population
200
Speed
Normal
Resources
Standard
Victory
Conquest
Starting age
Dark Age
Ending age
Imperial Age
RankedLock teamsTeams togetherTeam positionsShared explorationLock speedFull tech treeHidden civsTurbo modeCheats
Victory
Defeat
🇲🇽 Mongols · Mexico
1186
+13
🇲🇽 Persians · Mexico
1180
+14
🇲🇽 Huns · Mexico
1107
+16
🇦🇺 Persians · Australia
1148
-15
🇺🇸 Slavs · United States
1126
-15
🇺🇸 Inca · United States
1096
-13
TomahawkAssassN
0:36 Loom
12:01 Feudal Age
16:54 Man-at-Arms
21:36 Fletching
Hype-Rat
12:36 Feudal Age
19:26 Loom
wolololigma
0:34 Loom
11:23 Feudal Age
12:06 Double-Bit Axe
12:05 Horse Collar
22:05 Castle Age
BlackWolf
7:41 Loom
11:31 Feudal Age
15:53 Fletching
fasdark333
4:54 Loom
10:01 Feudal Age
10:55 Double-Bit Axe
21:30 Castle Age
24:45 Bow Saw
24:17 Horse Collar
EquesCaelo
13:10 Feudal Age
19:45 Double-Bit Axe
23:04 Castle Age
21:32 Gold Mining
21:28 Horse Collar
22:35 Fletching
Connection lost

Rejoining the realm…

Still unreachable

The connection could not be restored.

Session expired

The server has moved on; the page needs a fresh start.